 Dungeon Crawl Stone Soup version 0.28-a0-697-g47f3eba078 (webtiles) character file.

Game seed: 12348468860414282276

596 freelancePsychic the Firebug (level 7, -3/45 HPs)
             Began as a Deep Elf Fire Elementalist on Oct 23, 2021.
             Slain by a gnoll (5 damage)
             ... on level 5 of the Dungeon.
             The game lasted 00:10:30 (3795 turns).

freelancePsychic the Firebug (DEFE)                 Turns: 3795, Time: 00:10:31

Health: -3/45      AC:  3    Str:  5    XL:     7   Next: 17%
Magic:  14/16      EV: 12    Int: 22    God:
Gold:   344        SH:  0    Dex: 15    Spells: 11/15 levels left

rFire   . . .      SeeInvis .   e - +0 dagger (drain)
rCold   + . .      Faith    .   (no shield)
rNeg    . . .      Spirit   .   a - +1 robe
rPois   .          Reflect  .   (no helmet)
rElec   .          Harm     .   (no cloak)
rCorr   .          Rampage  .   (no gloves)
Will    .....      Clarity  +   (no boots)
Stlth   ++........              (no amulet)
HPRegen 0.15/turn               (no ring)
MPRegen 0.15/turn               (no ring)

@: brilliant, very slightly contaminated, slowed, very slow
A: clarity, cold resistance 1, passive freeze, robust 1
a: no special abilities


You were on level 5 of the Dungeon.
You visited 1 branch of the dungeon, and saw 5 of its levels.

You collected 344 gold pieces.

Inventory:

Hand Weapons
 d - a +0 lajatang of flaming
 e - a +0 dagger of draining (weapon)
Missiles
 h - a throwing net
Armour
 a - a +1 robe (worn)
Scrolls
 g - a scroll of holy word
 l - 2 scrolls of enchant armour
Potions
 m - a potion of haste {unknown}


   Skills:
 + Level 3.0 Fighting
 - Level 2.4 Dodging
 - Level 2.4 Stealth
 + Level 4.8 Spellcasting
 - Level 3.1 Conjurations
 - Level 3.2 Hexes
 + Level 5.8 Fire Magic


You had 11 spell levels left.
You knew the following spells:

 Your Spells              Type           Power      Damage    Failure   Level
a - Foxfire               Conj/Fire      100%       2x1d9     1%          1
c - Inner Flame           Hex/Fire       38%        N/A       4%          3

Your spell library contained the following spells:

 Spells                   Type           Power      Damage    Failure   Level
 Scorch                   Fire           92%        2d9       1%          2
 Conjure Flame            Conj/Fire      37%        6-21      4%          3
 Dazzling Flash           Conj/Hex       58%        N/A       9%          3
 Sublimation of Blood     Necr           4%         N/A       16%         2
 Wereblood                Tmut           8%         N/A       16%         2
 Flame Wave               Conj/Fire      37%        3d8       16%         4
 Animate Dead             Necr           4%         N/A       71%         4
 Silence                  Hex/Air        9%         N/A       83%         5
 Agony                    Necr           8%         N/A       96%         5
 Borgnjor's Vile Clutch   Necr/Erth      4%         N/A       96%         5
 Death Channel            Necr           4%         N/A       100%        6
 Summon Hydra             Summ           4%         N/A       100%        7


Dungeon Overview and Level Annotations

Branches:
Dungeon (5/15)
 Temple: D:4-7

Altars:
Trog

Annotations:
D:3 2 transporters, dracfodder's ghost, amateur GrBe
D:4 2 transporters, ytrimaz's ghost, novice FoFi


Innate Abilities, Weirdness & Mutations

You possess an exceptional clarity of mind.
Your flesh is cold resistant. (rC+)
A frigid envelope surrounds you and freezes all who hurt you.
You are robust. (+10% HP)


Message History

You don't have enough magic to cast this spell.
Unknown command.
As you read the scroll labelled VASIOSTRIFA, it crumbles to dust.
You feel strangely unstable.
It was a scroll of teleportation.
You feel sick.
The foxfire hits the kobold!
You kill the kobold!
The foxfire hits the orc.
The orc is severely wounded.
The orc hits you from afar with a +0 trident.
* * * LOW HITPOINT WARNING * * *
This is a scroll of acquirement!
You see here the Catalogue of the Lonely Mouths.
Something appears at your feet!
Your surroundings suddenly seem different.
Found a crooked smoking staff and an ichor-stained scale mail.
* * * LOW HITPOINT WARNING * * *
You feel sick.
* * * LOW HITPOINT WARNING * * *
You feel sick.
* * * LOW HITPOINT WARNING * * *
You feel sick.
You are no longer poisoned.
You start resting.
A gnoll comes into view. It is wielding a +0 spear.
It was a potion of brilliance.
You feel clever all of a sudden.
It was a potion of magic.
Magic courses through your body.
The sentinel's mark upon you fades away.
A howler monkey zombie comes into view.
A necrophage comes into view.
Casting: Foxfire (safe; 1% risk of failure)
Confirm with . or Enter, or press ? or * to list all spells.
You feel a surge of power!
You conjure some foxfire!
Casting: Foxfire (safe; 1% risk of failure)
Confirm with . or Enter, or press ? or * to list all spells.
You feel a surge of power!
You miscast Foxfire.
You are very lightly contaminated with residual magic.
Nothing appears to happen.
The foxfire hits the gnoll but does no damage. x2
The gnoll hits you from afar with a +0 spear.
You die...

#....... #......
#...... #####..
#....#
#......####....###.
#......#.....[.....
#......#...........
#......#..§........
#......#|@§gZ.n....
#......##########..
#..........#...#
...........#...#
...........'...#
...........#...#
......)))..#...#
....).....)#...#
.#####.....#####


You could see a necrophage, a gnoll and a howler monkey zombie.

Vanquished Creatures
  A black bear (D:3)
  A kobold brigand (D:5)
  A centaur zombie (D:5)
  2 hounds
  2 jellies
  An orc priest (D:4)
  A centaur skeleton (D:4)
  2 iguanas
  A hound skeleton (D:4)
  6 adders
  2 gnolls
  An adder skeleton (D:4)
  2 dart slugs
  7 orcs (D:4)
  7 endoplasms
  4 giant cockroaches
  6 goblins
  5 hobgoblins
  12 kobolds
  6 quokkas
  4 ball pythons
  4 bats
  3 rats
81 creatures vanquished.

Vanquished Creatures (others)
  262 foxfires
  6 plants (D:4)
268 creatures vanquished.

Grand Total: 349 creatures vanquished

Notes
Turn   | Place    | Note
-------+----------+-------------------------------------------
     0 | D:1      | freelancePsychic the Deep Elf Fire Elementalist began the
                  | quest for the Orb.
     0 | D:1      | Reached XP level 1. HP: 10/10 MP: 6/6
   219 | D:1      | Reached XP level 2. HP: 15/15 MP: 1/8
   468 | D:1      | Reached XP level 3. HP: 18/18 MP: 5/10
   552 | D:1      | Found a faded altar of an unknown god.
  1108 | D:2      | Reached skill level 4 in Fire Magic
  1516 | D:3      | Reached XP level 4. HP: 24/24 MP: 8/12
  1592 | D:3      | Reached skill level 1 in Fighting
  1700 | D:3      | Identified the +10 great mace of Offence {vorpal, rC++
                  | Dex+2}
  1700 | D:3      | Noticed an ogre
  1700 | D:3      | Noticed an ogre
  1701 | D:3      | Found a transporter.
  1701 | D:3      | Noticed dracfodder's ghost (amateur GrBe)
  1707 | D:3      | Found a transporter.
  1949 | D:3      | Noticed a black bear
  2002 | D:3      | Killed a black bear
  2003 | D:3      | Reached skill level 1 in Hexes
  2003 | D:3      | Reached XP level 5. HP: 20/30 MP: 5/13
  2171 | D:3      | Learned a level 3 spell: Inner Flame
  2325 | D:3      | Reached skill level 5 in Fire Magic
  2605 | D:4      | Reached XP level 6. HP: 35/35 MP: 7/14
  2893 | D:4      | Identified the +3 scale mail "Eluweez" {Slay+3}
  2893 | D:4      | Identified the +7 kite shield of Freezing Awe {rCorr Dex+2}
  3102 | D:4      | Found a bloodstained altar of Trog.
  3458 | D:4      | Found a transporter.
  3458 | D:4      | Found a transporter.
  3466 | D:4      | Noticed ytrimaz's ghost (novice FoFi)
  3709 | D:5      | Entered Level 5 of the Dungeon
  3784 | D:5      | Reached XP level 7. HP: 18/41 MP: 1/16
  3785 | D:5      | Gained mutation: A frigid envelope surrounds you and
                  | freezes all who hurt you. [potion of mutation]
  3785 | D:5      | Gained mutation: Your flesh is cold resistant. (rC+)
                  | [potion of mutation]
  3785 | D:5      | Gained mutation: You are robust. (+10% HP) [potion of
                  | mutation]
  3785 | D:5      | Gained mutation: You possess an exceptional clarity of
                  | mind. [potion of mutation]
  3788 | D:5      | Identified a scroll of acquirement
  3788 | D:5      | Acquired the Catalogue of the Lonely Mouths
  3789 | D:5      | HP: 2/45 [poisoned by a kobold]
  3795 | D:5      | Slain by a gnoll

Illustrated notes

Levels and vault maps discovered:
D:1:      arrival_zaba_pyramid, layout_rooms, chequers_ecumenical_altar_simple
D:2:      layout_rooms
D:3:      layout_basic, gammafunk_ghost_smash, hangedman_decor_lopped
D:4:      kennysheep_big_flooded_room, layout_loops_ring, trog_antimagical,
          gammafunk_ghost_gnarly_gnolls, grunt_decor_arrowhead,
          hangedman_decor_opposing
D:5:      layout_gridville

Skill      XL: |  1  2  3  4  5  6 |
---------------+-------------------+-----
Conjurations   | 2 3 |  3.1
Spellcasting   | 4 |  4.8
Fire Magic     | 4 5 |  5.8
Fighting       | 1 2 3 |  3.0
Hexes          | 1 2 3 |  3.2
Dodging        | |  2.4
Stealth        | |  2.4

Action                   |  1- 3 |  4- 6 |  7- 9 || total
-------------------------+-------+-------+-------++-------
Melee: Dagger            |    13 |    42 |       ||    55
 Cast: Foxfire           |    65 |    92 |     2 ||   159
       Inner Flame       |       |     3 |       ||     3
  Use: Scroll            |     4 |     1 |     3 ||     8
       Potion            |       |     3 |     3 ||     6
 Stab: Sleeping          |     1 |     1 |       ||     2
Armor: Robe              |     6 |    15 |       ||    21
Dodge: Dodged            |    16 |    34 |       ||    50

Table legend: (Time is in decaauts)
 A = Elapsed time spent in this place.
 B = Non-inter-level travel time spent in this place.
 C = Inter-level travel time spent in this place.
 D = Time resting spent in this place.
 E = Time spent auto-exploring this place.
 F = Levels seen in this place.
 G = Mean time per level.
                   A        B        C        D        E       F      G
               +--------+--------+--------+--------+--------+-----+--------+
         Total |   3800 |   3715 |     85 |     52 |   3116 |   5 |  760.0 |
       Dungeon |   3800 |   3715 |     85 |     52 |   3116 |   5 |  760.0 |
               +--------+--------+--------+--------+--------+-----+--------+

Top non-repeatable levels by time:
     D:4: 1235 daAuts
     D:3: 1042 daAuts
     D:1: 942 daAuts
     D:2: 486 daAuts
     D:5: 93 daAuts
